 Dungeon Crawl Stone Soup version 0.28-a0-1080-g05a166d0ed (webtiles) character file.

Game seed: 18220012274281771810

6905 porpoise the Thaumaturge (level 10, -3/59 HPs)
             Began as a Deep Elf Conjurer on Dec 9, 2021.
             Was a Priest of Vehumet.
             Slain by a komodo dragon (26 damage)
             ... on level 1 of the Lair of Beasts on Dec 10, 2021.
             The game lasted 00:52:38 (16753 turns).

porpoise the Thaumaturge (Deep Elf Conjurer)       Turns: 16753, Time: 00:52:39

Health: -3/59      AC:  4    Str:  6    XL:     10   Next: 79%
Magic:  0/28       EV: 12    Int: 26    God:    Vehumet [***...]
Gold:   515        SH:  6    Dex: 13    Spells: 20/33 levels left

rFire   . . .      SeeInvis .   b - +1 hunting sling (chaos)
rCold   . . .      Faith    .   s - +1 buckler
rNeg    + . .      Spirit   .   t - +0 robe
rPois   .          Reflect  .   N - +0 helmet
rElec   .          Harm     .   h - +0 cloak
rCorr   .          Rampage  .   (no gloves)
Will    ++...                   (no boots)
Stlth   ++++......              l - amulet of regeneration
HPRegen 0.99/turn               p - ring of willpower
MPRegen 0.21/turn               O - ring of positive energy

@: no status effects
A: no striking features
a: Renounce Religion


You were on level 1 of the Lair of Beasts.
You worshipped Vehumet.
Vehumet was most pleased with you.
You visited 3 branches of the dungeon, and saw 12 of its levels.
You also visited: Ossuary.

You collected 515 gold pieces.

Inventory:

Hand Weapons
 a - a +1 dagger of venom
 b - a +1 hunting sling of chaos (weapon)
 B - a +0 hunting sling
Missiles
 g - 336 stones (quivered ammo)
 k - 62 sling bullets
 q - 73 poisoned darts
 r - a throwing net
 y - a curare-tipped dart
 T - 3 silver boomerangs
Armour
 h - a +0 cloak (worn)
 s - a +1 buckler (worn)
 t - a +0 robe (worn)
 w - the +1 leather armour of Trial and Error {Str+7 Int-3}
   (You found it on level 6 of the Dungeon)

   Str:       It affects your strength (+7).
   Int:       It affects your intelligence (-3).
 E - a +0 pair of gloves
 N - a +0 helmet (worn)
Jewellery
 l - an amulet of regeneration (around neck)
 m - a ring of willpower
 p - a ring of willpower (left hand)
 D - a +6 ring of strength
 O - a ring of positive energy (right hand)
 V - an amulet of guardian spirit
Wands
 v - a wand of flame (7)
 z - a wand of digging (6)
 C - a wand of polymorph (11)
 P - a wand of mindburst (2)
Scrolls
 c - 2 scrolls of fog
 d - 3 scrolls of teleportation
 e - 3 scrolls of amnesia
 f - 2 scrolls of magic mapping
 j - 3 scrolls of vulnerability
 u - 6 scrolls of immolation
 H - 2 scrolls of summoning
 J - 4 scrolls of noise
 R - a scroll of identify
 S - a scroll of enchant weapon
Potions
 i - 2 potions of attraction {unknown}
 n - 8 potions of curing
 o - 3 potions of brilliance
 x - 2 potions of might
 A - 2 potions of haste {unknown}
 F - a potion of magic {unknown}
 I - 2 potions of heal wounds {unknown}
 K - a potion of ambrosia {unknown}
 L - 2 potions of cancellation {unknown}
 M - 2 potions of mutation {unknown}
 Q - a potion of lignification {unknown}
 U - a potion of berserk rage {unknown}


   Skills:
 - Level 5.0 Fighting
 - Level 1.3 Slings
 - Level 2.4 Dodging
 - Level 9.0 Stealth
 + Level 3.6 Shields
 - Level 12.0 Spellcasting
 - Level 7.0 Conjurations
 - Level 7.0 Hexes
 - Level 5.0 Translocations
 + Level 3.7 Earth Magic


You had 20 spell levels left.
You knew the following spells:

 Your Spells              Type           Power      Damage    Failure   Level
b - Searing Ray           Conj           100%       2d8       1%          2
c - Fulminant Prism       Conj/Hex       25%        3d14      1%          4
d - Iskenderun's Mystic   Conj/Tloc      46%        2d10      1%          4
s - Stone Arrow           Conj/Erth      86%        3d12      1%          3

Your spell library contained the following spells:

 Spells                   Type           Power      Damage    Failure   Level
 Inner Flame              Hex/Fire       33%        N/A       1%          3
 Magic Dart               Conj           100%       1d8       1%          1
 Sandblast                Erth           68%        2d15      1%          1
 Poisonous Vapours        Pois/Air       30%        N/A       1%          2
 Dazzling Flash           Conj/Hex       100%       N/A       1%          3
 Gell's Gravitas          Tloc           41%        N/A       1%          3
 Lesser Beckoning         Tloc           41%        N/A       1%          3
 Teleport Other           Tloc           41%        N/A       1%          3
 Passwall                 Tmut/Erth      20%        N/A       2%          2
 Animate Skeleton         Necr           30%        N/A       3%          1
 Pain                     Necr           60%        1d7       3%          1
 Sting                    Tmut/Pois      60%        1d6       3%          1
 Olgreb's Toxic Radiance  Pois           15%        N/A       11%         4
 Vampiric Draining        Necr           15%        2d7       12%         3
 Animate Armour           Summ/Erth      50%        N/A       19%         4
 Lehudib's Crystal Spear  Conj/Erth      21%        10d6      99%         8


Dungeon Overview and Level Annotations

Branches:
Dungeon (10/15)            Temple (1/1) D:7            Lair (1/6) D:10
    Orc (0/2) D:9         Ossuary (visited)

Altars:
Ashenzari
Cheibriados
Dithmenos
Elyvilon
Fedhas
Gozag
Hepliaklqana
Kikubaaqudgha
Makhleb
Nemelex Xobeh
Okawaru
Qazlal
Ru
Sif Muna
Trog
Uskayaw
Vehumet
Wu Jian
Xom
Yredelemnul
Zin
The Shining One
Beogh

Shops:
D:6 (   D:9 *   D:10 :

Annotations:
D:4 3 runed translucent doors, CougarLife's ghost, amateur TrTm


Message History

Casting: Iskenderun's Mystic Blast (dangerous; 1% risk of failure)
Confirm with . or Enter, or press ? or * to list all spells.
You don't have enough magic to cast this spell.
Unknown command.
Unknown command.
Blink to where?
Press: ? - help, Dir - move target, p - komodo dragon
As you read the scroll of blinking, it crumbles to dust.
Okay, then.
Unknown command.
Aiming: Mindburst
Press: ? - help, Shift-Dir - straight line, f - komodo dragon
Aim: a komodo dragon (severely wounded, berserk, chance to affect: 48%)
The komodo dragon resists with some effort.
Okay, then.
Unknown command.
Aiming: Mindburst
Press: ? - help, Shift-Dir - straight line, f/p - komodo dragon
Aim: a komodo dragon (severely wounded, berserk, chance to affect: 48%)
The komodo dragon resists with some effort.
Casting: Iskenderun's Mystic Blast (dangerous; 1% risk of failure)
Confirm with . or Enter, or press ? or * to list all spells.
You erupt in a blast of force!
The mystic blast hits the plant!
The plant begins to die.
The plant is lightly damaged.
The mystic blast hits the komodo dragon.
The komodo dragon is almost dead.
The komodo dragon is knocked back by the mystic blast.
The komodo dragon rages.
Aiming: Mindburst
Press: ? - help, Shift-Dir - straight line, f/p - komodo dragon
Aim: a komodo dragon (almost dead, berserk, chance to affect: 48%)
The komodo dragon resists with some effort.
The komodo dragon bites you.
Unknown command.
Aiming: Mindburst
Press: ? - help, Shift-Dir - straight line, f/p - komodo dragon
Aim: a komodo dragon (almost dead, berserk, chance to affect: 48%)
The komodo dragon's mind is blasted!
The komodo dragon bites you!!
You die...

##8§>.8######...###..#
#......#.........##..#
...†##...##.............#
#(# ###+.##.#.###.#.###.###
(. ##.....#.......#####....
.. #.....#(..##.##.# .#....
...
#.....#.#.......+..#..##
8...+.#.8.#l+...8...#.....#
.....#...#@.P........# ..#
..#.......#.)#.##.### ..#
.###.....###.....###
###'##.##.####..#
##....######....# #.....#
#...####.. #8.8.8#
#.........# #.....#
#.........# #..8.####
##.........#


You could see a komodo dragon (berserk).

Vanquished Creatures
  A two-headed ogre (D:9)
  A komodo dragon (Lair:1)
  2 wyverns
  A yak (Lair:1)
  A wraith (D:10)
  2 wargs (D:10)
  A water moccasin (Lair:1)
  2 necrophages
  2 sky beasts (D:6)
  2 ice beasts (D:7)
  9 orc warriors
  4 black bears
  An ogre (D:5)
  3 centaurs
  A phantom (D:7)
  5 kobold brigands
  8 bullfrogs
  A scorpion (D:6)
  9 killer bees
  3 wights (D:9)
  4 electric eels (D:9)
  2 howler monkeys (D:9)
  4 centaur zombies
  A bullfrog zombie (D:6)
  A hound (D:6)
  3 jellies
  A centaur skeleton (D:6)
  5 orc priests
  A bullfrog skeleton (D:5)
  2 iguanas (D:5)
  Natasha (thrice) (D:2)
  A scorpion zombie (D:5)
  13 orc wizards
  A killer bee zombie (D:6)
  5 mummies (Ossuary)
  7 adders
  8 gnolls
  A howler monkey skeleton (D:5)
  A shadow imp (D:5)
  An ufetubus (D:4)
  A worm (D:4)
  A dart slug (D:5)
  44 orcs
  7 endoplasms
  9 giant cockroaches
  3 goblins
  5 hobgoblins
  7 quokkas
  6 ball pythons
  2 bats (D:2)
  A frilled lizard (D:3)
  A gnoll zombie (Ossuary)
  A goblin zombie (Ossuary)
  A hobgoblin zombie (Ossuary)
  23 kobolds
  2 orc zombies (Ossuary)
  5 rats
243 creatures vanquished.

Vanquished Creatures (others)
  41 fulminant prisms
  A plant (Lair:1)
42 creatures vanquished.

Grand Total: 285 creatures vanquished

Notes
Turn   | Place    | Note
-------+----------+-------------------------------------------
     0 | D:1      | porpoise the Deep Elf Conjurer began the quest for the Orb.
     0 | D:1      | Reached XP level 1. HP: 10/10 MP: 6/6
   206 | D:1      | Reached XP level 2. HP: 15/15 MP: 4/8
   257 | D:1      | Learned a level 2 spell: Searing Ray
   375 | D:1      | Reached skill level 5 in Conjurations
   973 | D:1      | Found a faded altar of an unknown god.
  1041 | D:2      | Noticed Natasha
  1045 | D:2      | Killed Natasha
  1046 | D:2      | Reached XP level 3. HP: 15/19 MP: 3/9
  1381 | D:2      | Noticed Natasha
  1389 | D:2      | Killed Natasha
  1390 | D:2      | Reached XP level 4. HP: 9/24 MP: 2/11
  1546 | D:2      | Noticed Natasha
  1550 | D:2      | Killed Natasha
  2254 | D:2      | Found a shadowy altar of Dithmenos.
  3124 | D:3      | Reached XP level 5. HP: 28/28 MP: 7/12
  3265 | D:3      | Reached skill level 1 in Slings
  3672 | D:3      | Learned a level 4 spell: Fulminant Prism
  3677 | D:3      | Learned a level 4 spell: Iskenderun's Mystic Blast
  3731 | D:4      | Reached skill level 4 in Spellcasting
  4255 | D:4      | Reached XP level 6. HP: 32/32 MP: 9/14
  4350 | D:4      | Reached skill level 1 in Hexes
  4513 | D:4      | Reached skill level 5 in Spellcasting
  4725 | D:4      | Found a runed translucent gate.
  4726 | D:4      | Found a runed translucent gate.
  4726 | D:4      | Noticed CougarLife's ghost (amateur TrTm)
  4728 | D:4      | Found a runed translucent gate.
  4734 | D:4      | Identified the +8 plate armour "Hoceir" {rF- Int+6 SInv}
  4734 | D:4      | Noticed an orc warrior
  5426 | D:4      | Identified the +5 mace "Foleiwnu" {venom, rF+++ rC+ rCorr
                  | Int-4}
  5468 | D:5      | Entered Level 5 of the Dungeon
  5475 | D:5      | Reached XP level 7. HP: 35/36 MP: 9/17
  5566 | D:5      | Reached skill level 6 in Spellcasting
  7239 | D:6      | Reached skill level 7 in Spellcasting
  7239 | D:6      | Reached skill level 5 in Hexes
  7281 | D:6      | Found a stormy altar of Qazlal.
  7420 | D:6      | Reached skill level 1 in Translocations
  7420 | D:6      | Reached XP level 8. HP: 41/41 MP: 12/20
  7429 | D:6      | Reached skill level 5 in Stealth
  7918 | D:6      | Found Umogu's Antique Weapon Shoppe.
  8100 | D:6      | Identified the +1 leather armour of Trial and Error {Str+7
                  | Int-3}
  9223 | D:7      | Reached skill level 8 in Spellcasting
  9223 | D:7      | Reached skill level 5 in Translocations
  9472 | D:7      | Found a staircase to the Ecumenical Temple.
  9478 | Temple   | Entered the Ecumenical Temple
  9497 | Temple   | Upgraded the game from 0.28-a0-1038-g9c4cb8273d to
                  | 0.28-a0-1080-g05a166d0ed
  9627 | Temple   | Became a worshipper of Vehumet
  9715 | D:7      | Reached XP level 9. HP: 45/46 MP: 14/23
  9876 | D:7      | Reached skill level 1 in Fighting
 10123 | D:8      | Found a sand-covered staircase.
 10128 | Ossuary  | Entered an ossuary
 11651 | D:8      | Reached skill level 9 in Spellcasting
 12153 | D:8      | Reached * piety under Vehumet
 12153 | D:8      | Offered knowledge of Sandblast by Vehumet.
 12708 | D:8      | Identified a scroll of acquirement
 12708 | D:8      | Acquired a book of Armaments
 12714 | D:8      | Learned a level 3 spell: Stone Arrow
 12772 | D:8      | Reached skill level 10 in Spellcasting
 13486 | D:9      | Noticed a two-headed ogre
 13490 | D:9      | Killed a two-headed ogre
 13491 | D:9      | Reached skill level 11 in Spellcasting
 13491 | D:9      | Reached XP level 10. HP: 58/58 MP: 9/27
 13774 | D:9      | Offered knowledge of Scorch by Vehumet.
 13780 | D:9      | Reached ** piety under Vehumet
 14025 | D:9      | Reached skill level 5 in Fighting
 14177 | D:9      | Found Esuaqoysh's General Store.
 14759 | D:9      | Found a staircase to the Orcish Mines.
 15159 | D:10     | Entered Level 10 of the Dungeon
 15237 | D:10     | Reached skill level 1 in Shields
 15434 | D:10     | Reached skill level 12 in Spellcasting
 15480 | D:10     | Offered knowledge of Inner Flame by Vehumet.
 15494 | D:10     | Reached skill level 1 in Earth Magic
 15760 | D:10     | Found a staircase to the Lair.
 15814 | D:10     | Reached *** piety under Vehumet
 16213 | D:10     | Found Ilyp Peo's Book Boutique.
 16310 | Lair:1   | Entered Level 1 of the Lair of Beasts
 16753 | Lair:1   | Slain by a komodo dragon

Illustrated notes

Levels and vault maps discovered:
D:1:      minmay_arrival_four_houses, layout_loops_ring,
          hellmonk_ecumenical_altar_inner_sanctum
D:2:      layout_basic, basic_altar, uniq_natasha
D:3:      layout_loops_ring, kennysheep_generic_room_7
D:4:      minmay_chambers_of_twos, layout_cave_pools,
          biasface_ghost_orc_armoury, chequers_serial_rivers_micro_e
D:5:      layout_layer_cave
D:6:      layout_loops_ring, mainiacjoe_overflow_tiny_flanked, serial_shops,
          nicolae_shop_trees, columned_hall_lemuel
D:7:      layout_gridville, temple_green, kennysheep_decorative_pillar
D:8:      layout_basic, enter_ossuary_5
D:9:      layout_basic, erik_orc_2, serial_shops, nicolae_shop_trees
D:10:     layout_rooms, erik_lair_orcish_takeover, serial_shops, kennysheep_mini
Temple:   mainiacjoe_temple_circle_huts
Lair:1:   layout_long_grid, st_stairs_9, grunt_megastairs_1

Skill      XL: |  1  2  3  4  5  6  7  8  9 10 |
---------------+-------------------------------+-----
Conjurations   | 5 6 7 |  7.0
Slings         | 1 |  1.3
Spellcasting   | 4 5 7 8 11 12 | 12.0
Stealth        | 3 4 6 8 9 |  9.0
Hexes          | 3 5 7 |  7.0
Translocations | 1 5 |  5.0
Fighting       | 4 5 |  5.0
Shields        | 3 |  3.6
Earth Magic    | 3 |  3.7
Dodging        | |  2.4

Action                   |  1- 3 |  4- 6 |  7- 9 | 10-12 || total
-------------------------+-------+-------+-------+-------++-------
 Fire: Hunting sling     |     1 |    52 |    95 |    87 ||   235
 Cast: Magic Dart        |    28 |    24 |       |       ||    52
       Searing Ray       |     7 |    34 |    74 |    13 ||   128
       Fulminant Prism   |       |       |    23 |    18 ||    41
       Iskenderun's Myst |       |       |     8 |     9 ||    17
       Stone Arrow       |       |       |     4 |    33 ||    37
Evoke: Wand              |       |       |     5 |     6 ||    11
  Use: Scroll            |       |     1 |    15 |     2 ||    18
Armor: Robe              |     1 |     5 |    16 |     3 ||    25
Dodge: Dodged            |       |    16 |    54 |    10 ||    80

Table legend: (Time is in decaauts)
 A = Elapsed time spent in this place.
 B = Non-inter-level travel time spent in this place.
 C = Inter-level travel time spent in this place.
 D = Time resting spent in this place.
 E = Time spent auto-exploring this place.
 F = Levels seen in this place.
 G = Mean time per level.
                   A        B        C        D        E       F      G
               +--------+--------+--------+--------+--------+-----+--------+
         Total |  16809 |  15880 |    929 |   7822 |   6218 |  13 | 1293.0 |
       Dungeon |  15239 |  14333 |    906 |   6891 |   5943 |  10 | 1523.9 |
        Temple |    171 |    149 |     22 |      0 |    120 |   1 |  171.0 |
          Lair |    444 |    444 |      0 |    208 |    155 |   1 |  444.0 |
       Ossuary |    953 |    953 |      0 |    723 |      0 |   1 |  953.0 |
               +--------+--------+--------+--------+--------+-----+--------+

Top non-repeatable levels by time:
     D:8: 2277 daAuts
     D:4: 2004 daAuts
     D:5: 1826 daAuts
     D:9: 1520 daAuts
     D:7: 1444 daAuts
     D:2: 1409 daAuts
     D:6: 1303 daAuts
     D:3: 1259 daAuts
    D:10: 1156 daAuts
     D:1: 1036 daAuts
 Ossuary: 953 daAuts
  Lair:1: 444 daAuts
  Temple: 171 daAuts
